AoeStats
← old f1sh

African Clearing

510312158Analyzed
4v4 RM · 1d ago on Sep 30, 2026· 39m 9s· 8 players
Game mode
Random Map
Map size
Large (8 player)
Population
200
Speed
Normal
Resources
Standard
Victory
Conquest
Starting age
Dark Age
Ending age
Imperial Age
RankedLock teamsTeams togetherTeam positionsShared explorationLock speedFull tech treeHidden civsTurbo modeCheats
Victory
Defeat
🇨🇳 Berbers · China
1657
+9
🇭🇺 Mongols · Hungary
1515
+14
🇹🇷 Tupi · Türkiye
1438
+17
🇹🇷 Cumans · Türkiye
1421
+17
🇧🇷 Varangians · Brazil
1666
-23
🇨🇳 Varangians · China
1443
-13
🇨🇳 Varangians · China
1398
-11
1358
-10
DraveczB
11:22 Loom
13:40 Feudal Age
15:23 Double-Bit Axe
15:34 Stone Mining
18:05 Castle Age
24:49 Bow Saw
24:32 Horse Collar
27:58 Wheelbarrow
31:45 Heavy Plow
32:40 Ballistics
32:49 Forging
32:29 Fletching
33:01 Fletching
35:11 Hand Cart
34:41 Town Watch
35:23 Husbandry
36:17 Bloodlines
37:03 Gold Mining
37:48 Stone Shaft Mining
37:41 Bodkin Arrow
37:47 Padded Archer Armor
41:14 Imperial Age
Sir Dancealot
3:00 Loom
13:05 Feudal Age
13:46 Double-Bit Axe
14:28 Gold Mining
15:56 Fletching
19:54 Horse Collar
26:30 Wheelbarrow
29:55 Castle Age
30:08 Scale Barding Armor
30:54 Hand Cart
31:15 Gold Shaft Mining
33:12 Bloodlines
33:27 Bow Saw
33:22 Heavy Plow
33:37 Town Watch
35:27 Chain Barding Armor
35:18 Forging
34:54 Light Cavalry
38:21 Iron Casting
40:26 Imperial Age
swipp
10:51 Loom
13:17 Feudal Age
14:21 Double-Bit Axe
21:20 Castle Age
20:10 Fishing Lines
20:26 Fletching
21:30 Horse Collar
22:25 Bow Saw
23:54 Bodkin Arrow
24:15 Padded Archer Armor
24:13 Gillnets
25:35 Horse Collar
26:37 Leather Archer Armor
28:19 Heavy Plow
29:38 Ballistics
30:13 Wheelbarrow
30:30 Gold Mining
34:39 Imperial Age
34:01 Hand Cart
35:28 Curare
35:25 Bracer
36:44 Chemistry
37:34 Gold Shaft Mining
37:35 Elite Blackwood Archer
38:26 Squires
SAVIOR
7:18 Loom
13:41 Feudal Age
14:04 Feudal Age
24:43 Castle Age
22:45 Horse Collar
23:23 Double-Bit Axe
24:44 Fletching
25:42 Bodkin Arrow
33:38 Bow Saw
34:19 Padded Archer Armor
35:44 Wheelbarrow
40:35 Imperial Age
38:39 Stone Mining
V我50%匡扶汉室
4:32 Loom
13:23 Feudal Age
15:19 Bloodlines
16:28 Forging
16:34 Scale Barding Armor
25:43 Castle Age
37:29 Husbandry
Dakar1
3:49 Loom
12:09 Feudal Age
12:15 Man-at-Arms
16:31 Scale Mail Armor
16:22 Fletching
18:11 Wheelbarrow
21:46 Castle Age
20:54 Double-Bit Axe
34:28 Scale Barding Armor
36:34 Fishing Lines
37:24 Chain Barding Armor
38:02 Forging
38:48 Bloodlines
38:59 Husbandry
39:35 Iron Casting
old f1sh
8:33 Loom
12:48 Feudal Age
13:19 Double-Bit Axe
15:54 Bloodlines
29:44 Castle Age
29:53 Castle Age
34:27 Bow Saw
34:28 Town Watch
35:19 Wheelbarrow
涅槃重生
9:02 Loom
15:13 Feudal Age
21:49 Castle Age
20:32 Double-Bit Axe
20:30 Horse Collar
22:15 Stone Mining
22:57 Fletching
25:04 Fishing Lines
32:03 Scale Barding Armor
33:29 Forging
33:48 Bow Saw
33:51 Heavy Plow
35:05 Gillnets
35:40 Chain Barding Armor
36:23 Iron Casting
39:50 Imperial Age
38:47 Husbandry
38:57 Bloodlines
Connection lost

Rejoining the realm…

Still unreachable

The connection could not be restored.

Session expired

The server has moved on; the page needs a fresh start.